 Dungeon Crawl Stone Soup version 0.23.2 (webtiles) character file.

Game seed: 16718727257779840031

8547 Illumine the Basher (level 11, 0/68 HPs)
             Began as a Gargoyle Fighter on Oct 9, 2019.
             Was a High Priest of Okawaru.
             Slain by an eight-headed hydra (3 damage)
             ... on level 2 of the Lair of Beasts.
             The game lasted 00:11:52 (8147 turns).

Illumine the Basher (Gargoyle Fighter)              Turns: 8147, Time: 00:11:53

Health: 0/68       AC: 32    Str: 30    XL:     11   Next: 32%
Magic:  15/16      EV: 11    Int:  8    God:    Okawaru [*****.]
Gold:   424        SH: 16    Dex:  9    Spells: 10/10 levels left

rFire    . . .     SeeInvis .   z - +0 morningstar
rCold    . . .     Gourm    .   c - +0 shield
rNeg     + . .     Faith    .   u - +0 plate armour
rPois    ∞         Spirit   .   l - +0 helmet
rElec    +         Reflect  +   (no cloak)
rCorr    .         Harm     .   (no gloves)
MR       .....                  A - +0 pair of boots
Stlth    ..........             r - +2 amulet of reflection
HPRegen  0.21/turn              i - +6 ring of strength
MPRegen  0.15/turn              F - +5 ring of protection

@: heroism
A: negative energy resistance 1, electricity resistance, unbreathing,
petrification resistance, rot immunity, AC +8
a: Heroism, Finesse, Renounce Religion


You were on level 2 of the Lair of Beasts.
You worshipped Okawaru.
Okawaru was extremely pleased with you.
You were not hungry.

You visited 3 branches of the dungeon, and saw 11 of its levels.

You collected 424 gold pieces.

Inventory:

Hand Weapons
 z - a +0 morningstar (weapon)
Armour
 c - a +0 shield (worn)
 l - a +0 helmet (worn)
 u - a +0 plate armour (worn)
 A - a +0 pair of boots (worn)
Jewellery
 i - a +6 ring of strength (left hand)
 r - a +2 amulet of reflection (around neck)
 x - an uncursed ring of flight
 F - a +5 ring of protection (right hand)
Wands
 m - a wand of clouds (4)
 o - a wand of random effects (22)
 p - a wand of acid (5)
 t - a wand of polymorph (18)
 y - a wand of paralysis (16)
 C - a wand of disintegration (8)
 G - a wand of digging (4)
Scrolls
 b - 3 scrolls of magic mapping
 g - a scroll of enchant weapon {unknown}
 h - 6 scrolls of remove curse
 k - a scroll of amnesia {unknown}
 q - a scroll of teleportation
 s - a scroll of fog
 w - a scroll of blinking {unknown}
 D - a scroll of noise {unknown}
 E - a scroll of acquirement {unknown}
Potions
 a - a potion of degeneration {unknown}
 d - a potion of brilliance
 e - 2 potions of invisibility
 j - 2 potions of mutation
 n - 3 potions of curing
 v - 2 potions of cancellation {unknown}
 B - 2 potions of flight {unknown}
Comestibles
 f - 6 rations
 H - 5 chunks of flesh


   Skills:
 + Level 7.6(12.6) Fighting
 + Level 9.8(14.8) Maces & Flails
 + Level 8.2(13.2) Armour
 + Level 3.7(8.7) Dodging
 + Level 8.9(13.9) Shields
 * Level 7.2 Invocations


You had 10 spell levels left.
You didn't know any spells.
Your spell library contained the following spells:

 Spells                   Type           Power        Failure   Level  Hunger
 Corona                   Hex            #......      96%         1    ##.....
 Ensorcelled Hibernation  Hex/Ice        #.....       99%         2    ###....
 Confuse                  Hex            #.......     100%        3    ####...
 Dazzling Spray           Conj/Hex       #.....       100%        3    ####...
 Tukima's Dance           Hex            #.......     100%        3    ####...


Dungeon Overview and Level Annotations

Branches:
Dungeon (8/15)             Temple (1/1) D:5            Lair (2/6) D:8
  Swamp: Lair:2-4    Shoals: Lair:2-4     Snake: Lair:2-4    Spider: Lair:2-4

Altars:
Ashenzari
Cheibriados
Dithmenos
Elyvilon
Fedhas
Gozag
Hepliaklqana
Kikubaaqudgha
Makhleb
Okawaru
Qazlal
Ru
Sif Muna
Trog
Uskayaw
Vehumet
Wu Jian
Xom
Yredelemnul
Zin
The Shining One

Shops:
D:4 ?   D:5 }


Innate Abilities, Weirdness & Mutations

You are resistant to torment.
Your stone body is resilient. (AC +8)
You are immune to poison.
You resist negative energy. (rN+)
You are resistant to electric shocks. (rElec)
You can survive without breathing.
You are immune to petrification.
You are immune to rotting.


Message History

The eight-headed hydra bites you but does no damage.
The eight-headed hydra bites you!
* * * LOW HITPOINT WARNING * * *
You block the eight-headed hydra's attack.
The eight-headed hydra bites you.
* * * LOW HITPOINT WARNING * * *
You block the eight-headed hydra's attack.
The eight-headed hydra misses you. The eight-headed hydra bites you.
* * * LOW HITPOINT WARNING * * *
You block the basilisk's attack.
The eight-headed hydra barely misses you.
You block the eight-headed hydra's attack.
The eight-headed hydra bites you.
* * * LOW HITPOINT WARNING * * *
You block the eight-headed hydra's attack.
The eight-headed hydra bites you but does no damage.
The eight-headed hydra misses you.
You block the eight-headed hydra's attack.
The eight-headed hydra bites you.
You die...

.#.#.#.#...#>.8#.#..<...
.................#.....#
...........##..### ...
##P.P............# 8.
....#........#...#
#.......+#.........
##..................
#..#..#.......##... #P.
#..#..@.<.#.# #.
.P.....Dl..#..
......P...P##
...P..........
.PP............
.............(..
................
###P.#.###.#..#


You could see an eight-headed hydra and a basilisk.

Vanquished Creatures
  2 hydras
  3 death yaks (D:8)
  Maurice (D:8)
  A water nymph (D:7)
  Psyche (D:8)
  A spiny frog (Lair:2)
  A rime drake (Lair:2)
  A komodo dragon (Lair:1)
  A hippogriff (Lair:2)
  A hungry ghost (D:7)
  2 water moccasins
  A porcupine (Lair:2)
  An ice beast (D:5)
  3 sky beasts
  2 phantoms
  A necrophage (D:7)
  2 ogres
  A centaur (D:5)
  A crocodile (Lair:2)
  A big kobold (D:7)
  2 bullfrogs
  4 scorpions
  11 killer bees (D:8)
  2 crimson imps
  A quasit (D:7)
  A bullfrog skeleton (D:5)
  2 hounds (D:5)
  8 orc priests
  9 orc wizards
  An iguana (D:8)
  4 worker ants
  Natasha (thrice) (D:4)
  A hell rat (D:8)
  A killer bee zombie (D:4)
  A hound skeleton (D:5)
  A worker ant zombie (D:8)
  7 adders
  3 river rats (D:8)
  A shadow imp (D:5)
  2 adder skeletons
  4 worms
  2 dart slugs
  3 leopard geckos
  27 orcs
  12 giant cockroaches
  5 goblins
  3 hobgoblins
  12 jackals
  2 ball pythons
  10 bats
  5 frilled lizards
  9 kobolds
  A leopard gecko skeleton (D:5)
  A leopard gecko zombie (D:6)
  8 rats
197 creatures vanquished.

Notes
Turn   | Place    | Note
-------+----------+-------------------------------------------
     0 | D:1      | Illumine the Gargoyle Fighter began the quest for the Orb.
     0 | D:1      | Reached XP level 1. HP: 14/14 MP: 1/1
   173 | D:1      | Reached XP level 2. HP: 18/19 MP: 2/2
   644 | D:1      | Reached skill level 3 in Maces & Flails
   644 | D:1      | Reached XP level 3. HP: 21/23 MP: 3/3
   882 | D:2      | Found a glowing golden altar of the Shining One.
  1081 | D:2      | Found a bloodstained altar of Trog.
  1113 | D:2      | Noticed a phantom
  1130 | D:2      | Killed a phantom
  1130 | D:2      | Reached skill level 4 in Maces & Flails
  1130 | D:2      | Reached XP level 4. HP: 18/28 MP: 4/4
  1130 | D:2      | Reached XP level 5. HP: 20/32 MP: 5/5
  1899 | D:3      | Reached XP level 6. HP: 8/37 MP: 6/6
  1900 | D:3      | Reached skill level 5 in Maces & Flails
  2222 | D:3      | Reached skill level 5 in Shields
  2667 | D:3      | Found a shattered altar of Ashenzari.
  3078 | D:4      | Reached XP level 7. HP: 40/41 MP: 7/7
  3123 | D:4      | Noticed Natasha
  3138 | D:4      | Killed Natasha
  3165 | D:4      | Noticed Natasha
  3170 | D:4      | Killed Natasha
  3248 | D:4      | Found Okhitrepn's Magic Scroll Shoppe.
  3263 | D:4      | Noticed Natasha
  3271 | D:4      | Killed Natasha
  3301 | D:5      | Entered Level 5 of the Dungeon
  3311 | D:5      | Reached skill level 6 in Maces & Flails
  3638 | D:5      | HP: 2/41 [something (1)]
  3837 | D:5      | Found a staircase to the Ecumenical Temple.
  3854 | Temple   | Entered the Ecumenical Temple
  4049 | Temple   | Became a worshipper of Warmaster Okawaru
  4080 | D:5      | Reached XP level 8. HP: 35/48 MP: 8/8
  4089 | D:5      | Reached skill level 5 in Armour
  4253 | D:5      | Found a shadowy altar of Dithmenos.
  4339 | D:5      | You fall through a shaft for 3 floors!
  4339 | D:8      | Found a staircase to the Lair.
  4339 | D:8      | Noticed a death yak
  4339 | D:8      | Noticed a death yak
  4341 | D:8      | Noticed a death yak
  4342 | D:8      | Noticed a two-headed ogre
  4353 | D:7      | Noticed a water nymph
  4353 | D:7      | a two-headed ogre changed into a water nymph
  4382 | D:7      | Killed a water nymph
  4382 | D:7      | Reached * piety under Okawaru
  4382 | D:7      | Reached skill level 7 in Maces & Flails
  4918 | D:6      | Found a stormy altar of Qazlal.
  4973 | D:6      | Reached skill level 5 in Fighting
  5064 | D:6      | Reached skill level 8 in Maces & Flails
  5064 | D:6      | Reached XP level 9. HP: 45/54 MP: 9/9
  5195 | D:5      | Found Siahymov's Gadget Shop.
  5541 | D:5      | Found a deep blue altar of Sif Muna.
  6077 | D:7      | Reached skill level 1 in Invocations
  6170 | D:7      | Reached ** piety under Okawaru
  6324 | D:7      | Reached skill level 1 in Dodging
  6378 | D:7      | Found a stormy altar of Qazlal.
  6873 | D:8      | Noticed Maurice
  6877 | D:8      | Paralysed by Maurice for 3 turns
  6887 | D:8      | Paralysed by Maurice for 3 turns
  6892 | D:8      | Killed Maurice
  7025 | D:8      | Reached XP level 10. HP: 60/60 MP: 12/12
  7086 | D:8      | Reached skill level 9 in Maces & Flails
  7109 | D:8      | Noticed Psyche
  7273 | D:8      | Killed Psyche
  7273 | D:8      | Reached *** piety under Okawaru
  7376 | D:8      | Killed a death yak
  7376 | D:8      | Reached skill level 5 in Invocations
  7389 | D:8      | Killed a death yak
  7389 | D:8      | Reached **** piety under Okawaru
  7400 | D:8      | Killed a death yak
  7431 | Lair:1   | Entered Level 1 of the Lair of Beasts
  7861 | Lair:1   | Noticed a seven-headed hydra
  7877 | Lair:1   | Killed a seven-headed hydra
  7877 | Lair:1   | Reached XP level 11. HP: 58/67 MP: 13/16
  7923 | Lair:2   | Noticed a five-headed hydra
  7935 | Lair:2   | Killed a five-headed hydra
  7935 | Lair:2   | Reached ***** piety under Okawaru
  8134 | Lair:2   | Noticed an eight-headed hydra
  8147 | Lair:2   | HP: 3/68 [eight-headed hydra (3)]
  8147 | Lair:2   | Slain by an eight-headed hydra

Skill      XL: |  1  2  3  4  5  6  7  8  9 10 11 |
---------------+----------------------------------+-----
Maces & Flails | 3 4 5 6 8 9 |  9.8
Shields        | 4 5 6 7 8 |  8.9
Armour         | 4 6 8 |  8.2
Fighting       | 5 6 7 |  7.6
Invocations    | 3 6 7 |  7.2
Dodging        | 1 3 |  3.7

Action                   |  1- 3 |  4- 6 |  7- 9 | 10-12 || total
-------------------------+-------+-------+-------+-------++-------
Melee: Flail             |   118 |   211 |   403 |       ||   732
       Morningstar       |       |       |    58 |   271 ||   329
Invok: Heroism           |       |       |     1 |     7 ||     8
Evoke: Wand              |       |       |     2 |       ||     2
  Use: Scroll            |       |     2 |     8 |       ||    10
       Potion            |       |     2 |     3 |       ||     5
  Eat: Chunk             |       |     7 |    11 |     4 ||    22
       Ration            |       |       |     4 |       ||     4
Armor: Scale mail        |    76 |    42 |       |       ||   118
       Chain mail        |       |   170 |   225 |       ||   395
       Plate armour      |       |       |   107 |   184 ||   291
Dodge: Dodged            |    35 |    95 |   134 |   114 ||   378
Block: Shield            |    64 |   190 |   318 |   243 ||   815
       Reflection        |       |       |     3 |     1 ||     4
